[ AOE2 MATCH · #480303112 ]
UnrankedWu vs Wu
Player's team · WIN
Rival team · LOSS
[ REPLAY ANALYSIS · EXTRACTED FROM THE RECORDED GAME ]
Feudal
8:50
Castle
22:42
Imperial
—
| APM avg | 73.7 |
| APM peak | 122 |
| eAPM avg | 24.5 |
| Villagers / military | 54 / 47 |
Focus
⚔️ 43.0% · 🌾 57.0%
Militia ×36 · Archer ×6 · Skirmisher ×5
Feudal
10:47
Castle
18:44
Imperial
—
| APM avg | 47.5 |
| APM peak | 87 |
| eAPM avg | 22.0 |
| Villagers / military | 56 / 5 |
Focus
⚔️ 27.7% · 🌾 72.3%
Unknown (1974) ×25 · Fishing Ship ×15 · Monk ×3 · Skirmisher ×2 · Unknown (2626) ×1
Match map
Initial resources + every placement click. Lines = walls · curves = elevation contours. ◆ gold · ⬟ stone · ● berries · ✦ relic · ◌ wall gap
Your base· Open — unwalled flank
犯大吴疆土者盛必击而破之's base· Open — unwalled flank
Smoothed initial terrain · ◌ = detected wall gap · hover for details
Inputs per minute
— MIKE AoE - - 犯大吴疆土者盛必击而破之
Build order — MIKE AoE
First 150 of 166 actions detected
| 0:00 | Create | Villager (Male) |
| 0:02 | Build | House |
| 0:03 | Build | House |
| 0:09 | Create | Villager (Male) |
| 0:10 | Create | Villager (Male) |
| 0:10 | Create | Villager (Male) |
| 1:30 | Create | Villager (Male) |
| 1:47 | Build | Lumber Camp |
| 2:01 | Create | Villager (Male) |
| 2:11 | Create | Villager (Male) |
| 2:37 | Build | House |
| 2:38 | Build | House |
| 2:51 | Create | Villager (Male) |
| 2:51 | Create | Villager (Male) |
| 3:11 | Create | Villager (Male) |
| 3:31 | Create | Villager (Male) |
| 3:48 | Create | Villager (Male) |
| 4:03 | Create | Villager (Male) |
| 4:51 | Create | Villager (Male) |
| 5:10 | Build | Barracks |
| 5:16 | Create | Villager (Male) |
| 5:17 | Create | Villager (Male) |
| 5:17 | Research | Loom |
| 6:31 | Research | Feudal Age |
| 6:41 | Build | Mining Camp |
| 6:52 | Create | Militia |
| 7:19 | Create | Militia |
| 7:53 | Create | Militia |
| 8:10 | Create | Militia |
| 8:17 | Build | House |
| 8:25 | Build | House |
| 8:35 | Create | Villager (Male) |
| 8:50 | Age | Feudal Age |
| 8:53 | Research | Man-at-Arms (upgrade) |
| 8:53 | Research | Man-at-Arms (upgrade) |
| 9:12 | Build | Mill |
| 9:12 | Create | Villager (Male) |
| 9:37 | Create | Villager (Male) |
| 9:38 | Create | Villager (Male) |
| 10:01 | Create | Villager (Male) |
| 10:05 | Build | Mill |
| 10:35 | Build | House |
| 10:36 | Build | House |
| 10:46 | Research | Arson |
| 10:57 | Build | Farm |
| 10:59 | Build | Farm |
| 11:07 | Create | Villager (Male) |
| 11:24 | Build | House |
| 11:25 | Build | Palisade Wall |
| 11:30 | Create | Villager (Male) |
| 11:31 | Create | Villager (Male) |
| 11:35 | Build | Archery Range |
| 11:53 | Create | Villager (Male) |
| 11:56 | Build | Farm |
| 12:12 | Build | Palisade Wall |
| 12:16 | Create | Villager (Male) |
| 12:36 | Build | Blacksmith |
| 12:37 | Create | Villager (Male) |
| 12:42 | Research | Double-Bit Axe |
| 12:48 | Create | Villager (Male) |
| 12:49 | Create | Archer |
| 12:49 | Create | Archer |
| 13:13 | Create | Villager (Male) |
| 13:17 | Create | Villager (Male) |
| 13:30 | Build | Lumber Camp |
| 13:31 | Create | Villager (Male) |
| 13:45 | Create | Villager (Male) |
| 13:54 | Create | Archer |
| 13:57 | Build | Farm |
| 13:58 | Build | Farm |
| 13:58 | Build | Farm |
| 14:16 | Research | Fletching |
| 14:22 | Build | Farm |
| 14:23 | Build | Farm |
| 14:23 | Build | Farm |
| 14:33 | Create | Archer |
| 14:45 | Create | Villager (Male) |
| 14:48 | Build | Palisade Wall |
| 14:52 | Build | Farm |
| 14:52 | Create | Villager (Male) |
| 15:03 | Create | Archer |
| 15:21 | Create | Villager (Male) |
| 15:35 | Create | Villager (Male) |
| 15:45 | Create | Skirmisher |
| 15:46 | Create | Skirmisher |
| 15:46 | Create | Villager (Male) |
| 15:53 | Create | Militia |
| 16:05 | Build | Mining Camp |
| 16:18 | Research | Scale Mail Armor |
| 16:22 | Create | Villager (Male) |
| 16:23 | Create | Skirmisher |
| 16:27 | Build | House |
| 16:29 | Build | House |
| 16:43 | Create | Villager (Male) |
| 16:51 | Create | Skirmisher |
| 16:55 | Build | Farm |
| 16:55 | Build | Farm |
| 16:55 | Build | Farm |
| 16:55 | Build | Farm |
| 17:07 | Create | Villager (Male) |
| 17:30 | Create | Archer |
| 17:32 | Create | Skirmisher |
| 17:54 | Create | Villager (Male) |
| 18:10 | Create | Villager (Male) |
| 18:27 | Create | Villager (Male) |
| 18:34 | Create | Villager (Male) |
| 19:09 | Create | Villager (Male) |
| 19:15 | Build | Farm |
| 19:15 | Build | Farm |
| 19:15 | Build | Farm |
| 19:19 | Build | Market |
| 20:01 | Build | Farm |
| 20:01 | Build | Farm |
| 20:01 | Build | Farm |
| 20:02 | Research | Castle Age |
| 20:27 | Create | Militia |
| 20:27 | Create | Militia |
| 20:32 | Build | Lumber Camp |
| 21:09 | Create | Militia |
| 21:12 | Build | Barracks |
| 21:27 | Create | Militia |
| 21:27 | Create | Militia |
| 21:27 | Create | Militia |
| 21:29 | Create | Villager (Male) |
| 21:36 | Create | Militia |
| 21:36 | Create | Militia |
| 21:41 | Research | Forging |
| 21:49 | Build | Barracks |
| 21:50 | Create | Militia |
| 21:50 | Create | Militia |
| 22:32 | Create | Villager (Male) |
| 22:42 | Age | Castle Age |
| 22:43 | Research | Long Swordsman (upgrade) |
| 22:44 | Research | Squires |
| 22:46 | Create | Militia |
| 22:46 | Create | Militia |
| 22:46 | Create | Militia |
| 22:48 | Create | Villager (Male) |
| 22:59 | Create | Militia |
| 23:06 | Build | House |
| 23:13 | Create | Militia |
| 23:13 | Create | Militia ×2 |
| 23:21 | Create | Militia |
| 23:45 | Create | Villager (Male) |
| 23:50 | Create | Villager (Male) |
| 23:56 | Build | Town Center |
| 24:05 | Build | House |
| 24:21 | Create | Militia ×3 |
| 24:21 | Create | Militia ×3 |
| 24:40 | Create | Militia |
Build order — 犯大吴疆土者盛必击而破之
149 actions detected in the replay
| 0:00 | Create | Villager (Male) |
| 0:01 | Create | Villager (Male) |
| 0:01 | Create | Villager (Male) |
| 0:01 | Create | Villager (Male) |
| 0:02 | Build | House |
| 0:04 | Build | House |
| 1:33 | Create | Villager (Male) |
| 1:33 | Create | Villager (Male) |
| 1:44 | Build | Lumber Camp |
| 2:05 | Create | Villager (Male) |
| 2:05 | Create | Villager (Male) |
| 2:24 | Create | Villager (Male) |
| 2:24 | Create | Villager (Male) |
| 2:37 | Create | Villager (Male) |
| 2:37 | Create | Villager (Male) |
| 3:00 | Create | Villager (Male) |
| 3:00 | Create | Villager (Male) |
| 3:14 | Build | House |
| 3:29 | Create | Villager (Male) |
| 3:29 | Create | Villager (Male) |
| 3:47 | Create | Villager (Male) |
| 3:48 | Create | Villager (Male) |
| 4:21 | Create | Villager (Male) |
| 4:21 | Create | Villager (Male) |
| 4:57 | Create | Villager (Male) |
| 4:57 | Create | Villager (Male) |
| 5:20 | Build | House |
| 5:33 | Build | Dock |
| 5:45 | Create | Villager (Male) |
| 5:46 | Create | Villager (Male) |
| 5:46 | Create | Villager (Male) |
| 6:28 | Create | Fishing Ship |
| 6:28 | Create | Fishing Ship |
| 6:32 | Create | Fishing Ship |
| 6:35 | Create | Villager (Male) |
| 6:46 | Create | Villager (Male) |
| 7:40 | Create | Villager (Male) |
| 7:40 | Create | Villager (Male) |
| 7:41 | Create | Villager (Male) |
| 7:47 | Build | House |
| 7:48 | Build | House |
| 8:05 | Research | Loom |
| 8:19 | Create | Fishing Ship |
| 8:37 | Research | Feudal Age |
| 8:37 | Research | Feudal Age |
| 8:42 | Build | Mining Camp |
| 9:08 | Create | Fishing Ship |
| 9:20 | Build | Mining Camp |
| 10:02 | Create | Fishing Ship |
| 10:15 | Create | Villager (Male) |
| 10:15 | Create | Villager (Male) |
| 10:34 | Build | House |
| 10:37 | Build | House |
| 10:45 | Build | Palisade Wall |
| 10:46 | Build | Palisade Wall |
| 10:47 | Age | Feudal Age |
| 10:48 | Build | Palisade Wall |
| 11:00 | Research | Double-Bit Axe |
| 11:00 | Create | Villager (Male) |
| 11:00 | Create | Villager (Male) |
| 11:11 | Build | Dock |
| 11:22 | Build | Palisade Wall |
| 11:26 | Build | Palisade Wall |
| 11:29 | Build | Palisade Wall |
| 11:31 | Build | Palisade Wall |
| 11:37 | Create | Villager (Male) |
| 11:53 | Create | Fishing Ship |
| 12:19 | Create | Fishing Ship |
| 12:29 | Build | Barracks |
| 12:49 | Create | Unit 2626 |
| 13:06 | Create | Fishing Ship |
| 13:17 | Create | Villager (Male) |
| 13:23 | Build | Lumber Camp |
| 14:03 | Build | Blacksmith |
| 14:08 | Create | Villager (Male) |
| 14:08 | Create | Villager (Male) |
| 14:16 | Build | House |
| 14:36 | Build | Archery Range |
| 14:41 | Build | Mill |
| 14:42 | Create | Villager (Male) |
| 15:08 | Create | Skirmisher |
| 15:09 | Create | Skirmisher |
| 15:12 | Build | House |
| 15:34 | Build | Blacksmith |
| 16:04 | Research | Castle Age |
| 16:04 | Research | Castle Age |
| 16:12 | Build | Barracks |
| 16:27 | Build | House |
| 16:28 | Build | House |
| 16:37 | Research | Scale Mail Armor |
| 17:17 | Create | Fishing Ship |
| 17:17 | Create | Fishing Ship |
| 18:06 | Build | Watch Tower |
| 18:44 | Age | Castle Age |
| 18:47 | Create | Unit 1974 ×5 |
| 19:09 | Create | Unit 1974 |
| 19:13 | Create | Villager (Male) |
| 19:13 | Create | Villager (Male) |
| 19:49 | Create | Unit 1974 |
| 19:49 | Create | Unit 1974 |
| 20:27 | Research | Squires |
| 20:27 | Research | Squires |
| 20:31 | Create | Villager (Male) |
| 20:32 | Create | Villager (Male) |
| 20:39 | Research | Forging |
| 20:47 | Create | Unit 1974 |
| 20:48 | Create | Unit 1974 |
| 21:08 | Create | Villager (Male) |
| 21:08 | Create | Villager (Male) |
| 21:16 | Create | Unit 1974 |
| 21:16 | Create | Unit 1974 |
| 21:34 | Create | Unit 1974 |
| 21:50 | Create | Villager (Male) |
| 21:50 | Create | Villager (Male) |
| 21:50 | Create | Villager (Male) |
| 21:51 | Create | Villager (Male) |
| 21:54 | Build | Barracks |
| 22:04 | Create | Unit 1974 |
| 22:15 | Create | Unit 1974 |
| 22:15 | Create | Unit 1974 |
| 22:23 | Create | Villager (Male) |
| 22:24 | Create | Villager (Male) |
| 22:24 | Create | Villager (Male) |
| 22:24 | Create | Villager (Male) |
| 23:06 | Create | Unit 1974 ×3 |
| 23:08 | Create | Villager (Male) |
| 23:10 | Build | House |
| 23:11 | Build | House |
| 23:11 | Build | House |
| 23:11 | Build | House |
| 23:11 | Build | House |
| 23:22 | Create | Unit 1974 |
| 23:22 | Create | Unit 1974 |
| 23:37 | Create | Unit 1974 |
| 24:35 | Create | Fishing Ship |
| 24:35 | Create | Fishing Ship |
| 24:38 | Build | Lumber Camp |
| 24:55 | Create | Villager (Male) |
| 24:59 | Create | Unit 1974 |
| 24:59 | Create | Unit 1974 |
| 25:16 | Build | Monastery |
| 25:30 | Create | Fishing Ship |
| 25:30 | Create | Fishing Ship |
| 25:35 | Create | Villager (Male) |
| 25:38 | Create | Unit 1974 |
| 25:40 | Research | Chain Mail Armor |
| 25:49 | Create | Monk |
| 25:49 | Create | Monk |
| 25:49 | Create | Monk |
Match timeline
| 5:10 | MIKE AoE · first_building Barracks |
| 5:33 | 犯大吴疆土者盛必击而破之 · first_building Dock |
| 8:50 | MIKE AoE · age_up feudal |
| 10:45 | 犯大吴疆土者盛必击而破之 · wall_segment Palisade Wall x1 |
| 10:46 | 犯大吴疆土者盛必击而破之 · wall_segment Palisade Wall x1 |
| 10:47 | 犯大吴疆土者盛必击而破之 · age_up feudal |
| 10:48 | 犯大吴疆土者盛必击而破之 · wall_segment Palisade Wall x1 |
| 11:22 | 犯大吴疆土者盛必击而破之 · wall_segment Palisade Wall x1 |
| 11:25 | MIKE AoE · wall_segment Palisade Wall x5 |
| 11:26 | 犯大吴疆土者盛必击而破之 · wall_segment Palisade Wall x1 |
| 11:29 | 犯大吴疆土者盛必击而破之 · wall_segment Palisade Wall x1 |
| 11:31 | 犯大吴疆土者盛必击而破之 · wall_segment Palisade Wall x1 |
| 11:35 | MIKE AoE · first_building Archery Range |
| 12:12 | MIKE AoE · wall_segment Palisade Wall x1 |
| 12:29 | 犯大吴疆土者盛必击而破之 · first_building Barracks |
| 14:36 | 犯大吴疆土者盛必击而破之 · first_building Archery Range |
| 14:48 | MIKE AoE · wall_segment Palisade Wall x7 |
| 18:44 | 犯大吴疆土者盛必击而破之 · age_up castle |
| 20:55 | MIKE AoE · first_market_buy 100 food |
| 22:42 | MIKE AoE · age_up castle |
| 24:55 | MIKE AoE · first_building Siege Workshop |
| 25:16 | 犯大吴疆土者盛必击而破之 · first_building Monastery |
| 25:58 | 犯大吴疆土者盛必击而破之 · resign |
[ AI ANALYSIS · 1 CREDIT ]
What really happened in this match?
Wolo.gg analyzes every decision: build order, eco, micro, common mistakes by bracket. Personalized analysis on WhatsApp or Discord in 30 seconds.
Civ guide
Wu
Perfil
Jugador #308913